 Dungeon Crawl Stone Soup version 0.20.1-1-g8b1a95d (webtiles) character file.

601220 ck1fx the Severer (level 25, -10/135 HPs)
             Began as a Demonspawn Fighter on Sept 3, 2017.
             Was the Champion of Yredelemnul.
             Killed from afar by a hellion (24 damage)
             ... with damnation
             ... summoned by an orange crystal statue
             ... on level 4 of the Abyss on Sept 7, 2017.
             The game lasted 06:07:31 (75689 turns).

ck1fx the Severer (Demonspawn Fighter)             Turns: 75689, Time: 06:07:32

Health: -10/135    AC: 19    Str: 18 (19) XL:     25   Next: 97%
Magic:  31/40      EV: 25    Int:  6 (12) God:    Yredelemnul [******]
Gold:   6691       SH: 26    Dex: 26      Spells: 1/43 levels left

rFire    + + .     SeeInvis +   a - +9 war axe (vamp)
rCold    + + +     Gourm    .   c - +2 shield of Resistance {rF+ rC+ MR+}
rNeg     + . .     Faith    .   O - +7 Kryia's mail coat {PotionHeal*2 rC+}
rPois    .         Spirit   .   D - +2 hat {SInv}
rElec    .         Reflect  .   U - scarf {cloud immunity}
rCorr    .         Harm     .   (gloves unavailable)
MR       +++++     Rnd*Rage +   n - +2 pair of boots {run}
Stlth    +++.......             S - necklace of Bloodlust {*Rage +Rage MR++ Int-3 Slay+6 *Curse}
Regen    0.0/turn               v - ring of wizardry
MPRegen  0.3/turn               z - ring "Rafoenguo" {rC+ Int+4 Stlth+}

@: agile, berserk cooldown, very slightly contaminated, recuperating (expiring),
mildly diseased, quick
A: claws 3, large bone plates 3, blurry vision 1, deformed body, [deterioration
1], fire resistance 1, [frail 3], high mp 1, ignite blood, magic resistance 1,
negative energy resistance 1, powered by pain 2, 50% torment resistance, black
mark, flame cloud immunity
}: 4/15 runes: decaying, serpentine, slimy, silver
a: Recall Undead Slaves, Injury Mirror, Animate Dead, Drain Life, Enslave Soul,
Renounce Religion, Evoke Berserk Rage


You were on level 4 of the Abyss.
You worshipped Yredelemnul.
Yredelemnul was exalted by your worship.
You were near starving.

You visited 11 branches of the dungeon, and saw 53 of its levels.
You visited the Abyss 3 times.
You visited 1 bazaar.
You also visited: Sewer and Ice Cave.

You collected 7978 gold pieces.
You spent 1287 gold pieces at shops.

Inventory:

Hand Weapons
 a - a +9 vampiric war axe (weapon)
 k - the +14 obsidian axe {chop, +Fly SInv *Curse}
   (You found it on level 3 of the Crypt)

   It inflicts extra damage upon your enemies.
   It lets you see invisible.
   It lets you fly.
   It curses itself when equipped.
 J - a +4 war axe of flaming
Missiles
 R - 10 javelins of penetration (quivered)
Armour
 c - the +2 shield of Resistance (worn) {rF+ rC+ MR+}
   (You found it on level 3 of the Elven Halls)

   It protects you from fire.
   It protects you from cold.
   It affects your resistance to hostile enchantments.
 n - a +2 pair of boots of running (worn)
 D - a +2 hat of see invisible (worn)
 O - the +7 Kryia's mail coat (worn) {PotionHeal*2 rC+}
   (You found it on level 1 of the Vaults)

   It protects you from cold.
 U - a scarf of cloud immunity (worn)
 X - +6 acid dragon scales
Jewellery
 o - the amulet "Giemahe" {Reflect rElec rPois rN+ Int+4 SH+3}
   (You found it on level 5 of the Pits of Slime)

   [amulet of reflection]

   It shields you and reflects attacks.
   It affects your intelligence (+4).
   It insulates you from electricity.
   It protects you from poison.
   It protects you from negative energy.
   It affects your SH (+3).
 v - a ring of wizardry (left claw)
 z - the ring "Rafoenguo" (right claw) {rC+ Int+4 Stlth+}
   (You found it on level 5 of the Pits of Slime)

   [ring of protection from cold]

   It affects your intelligence (+4).
   It protects you from cold.
   It makes you more stealthy.
 S - the necklace of Bloodlust (around neck) {*Rage +Rage MR++ Int-3 Slay+6 *Curse}
   (You found it on level 3 of the Lair of Beasts)

   [amulet of rage]

   It affects your intelligence (-3).
   It affects your accuracy and damage with ranged weapons and melee attacks
   (+6).
   It affects your resistance to hostile enchantments.
   It lets you go berserk.
   It may make you go berserk in combat.
   It curses itself when equipped.
Wands
 u - a wand of acid (5/15)
 w - a wand of acid (9/15)
 x - a wand of digging (2/24)
 B - a wand of acid (5/15)
 E - a wand of clouds (4/9)
 H - a wand of acid (1/15)
 N - a wand of disintegration (12/24)
 V - a wand of iceblast (7/15)
 Z - a wand of polymorph (12/24)
Scrolls
 d - a scroll of silence
 e - 5 scrolls of recharging
 g - 7 scrolls of magic mapping
 q - 16 scrolls of remove curse
 y - 32 scrolls of teleportation
 C - 2 scrolls of fear
 F - 24 scrolls of identify
 I - 3 scrolls of fog
 M - 4 scrolls of blinking
Potions
 h - 9 potions of haste
 i - 8 potions of cancellation
 j - 11 potions of curing
 p - 4 potions of invisibility
 r - 6 potions of flight
 A - a potion of berserk rage
 K - 8 potions of magic
 L - 5 potions of brilliance
 P - 12 potions of agility
 Q - 3 potions of resistance
 W - 4 potions of might
Miscellaneous
 t - a sack of spiders
 G - a phial of floods
 Y - a lamp of fire
Comestibles
 f - 25 bread rations
 s - 19 fruits


   Skills:
 - Level 14.8 Fighting
   Level 2.2 Long Blades
 + Level 18.8 Axes
 + Level 13.7 Armour
 + Level 11.4 Dodging
 + Level 17.8 Shields
 - Level 9.6 Spellcasting
 - Level 17.9 Conjurations
 - Level 17.1 Summonings
 - Level 5.5 Translocations
 * Level 17.6 Invocations


You had one spell level left.
You knew the following spells:

 Your Spells              Type           Power        Failure   Level  Hunger
a - Shadow Creatures      Summ           N/A          2%          6    #######
b - Summon Guardian Gole  Hex/Summ       ##......     1%          3    ###....
c - Regeneration          Chrm/Necr      #.........   45%         3    ###....
d - Summon Lightning Spi  Summ/Air       ##......     5%          4    ####...
e - Spellforged Servitor  Conj/Summ      ###.......   11%         7    #######
f - Corona                Hex            #......      17%         1    None
g - Dragon's Call         Summ           ###.......   100%        9    #######
i - Summon Forest         Summ/Tloc      ###.......   4%          5    ######.
j - Song of Slaying       Chrm           #.......     26%         2    ##.....
k - Shroud of Golubria    Chrm/Tloc      #.........   9%          2    ##.....


Dungeon Overview and Level Annotations

Branches:
Dungeon (15/15)            Temple (1/1) D:4            Lair (6/6) D:10
  Swamp (4/4) Lair:3        Snake (4/4) Lair:2        Slime (5/5) Lair:6
    Orc (2/2) D:10            Elf (3/3) Orc:2        Vaults (5/5) D:13
  Crypt (3/3) Vaults:3       Tomb (0/3) Crypt:3      Depths (5/5) D:15
    Zot (0/5) Depths:5

Altars:
Ashenzari
Cheibriados
Dithmenos
Elyvilon
Fedhas
Gozag
Hepliaklqana
Kikubaaqudgha
Makhleb
Nemelex Xobeh
Okawaru
Qazlal
Ru
Sif Muna
Trog
Uskayaw
Vehumet
Xom
Yredelemnul
Zin
The Shining One
Beogh

Shops:
D:8 [   Orc:1 }   Orc:2 *}?:   Elf:1 [   Elf:2 [   Vaults:4 (   Depths:3 (*!(

Portals:
Hell: Depths:2 Depths:3 Depths:4 Depths:5
Abyss: Depths:1 Depths:4
Pandemonium: Depths:1 Depths:3
Ziggurat: Depths:1


Innate Abilities, Weirdness & Mutations

You have claws for hands.
You are completely covered in large bone plates. (SH +8)
Your flesh is heat resistant. (rF+)
Your demonic aura causes spilled blood to erupt in flames.
You resist negative energy. (rN+)
You sometimes gain power by taking damage.
You are somewhat able to resist unholy torments (1 in 2 success).
Your melee attacks may debilitate your foes.
You are immune to clouds of flame.
Scrolls take you a little longer to read.
Armour fits poorly on your strangely shaped body.
You have an increased reservoir of magic. (+10% MP)
You are resistant to hostile enchantments. (MR+)
[Your body sometimes deteriorates upon taking damage.]
[You are extremely frail. (-30% HP)]


Message History

You block the small abomination's attack.
You block the spatial maelstrom's attack.
The spatial maelstrom hits you but does no damage.
The chaos spawn barely misses you.
You slash the chaos spawn!
You kill the chaos spawn!
Yredelemnul accepts your kill.
The chaos spawn degenerates into a cloud of primal chaos!
You feel the corruption within you wane somewhat.
You feel agile. x2; You feel a little healthier.
You barely miss the spatial vortex.
You hit the small abomination but do no damage.
You slash the spatial maelstrom!
You block the spatial maelstrom's attack.
The spatial maelstrom completely misses you.
You block the small abomination's attack.
The hellion gestures at you.
The sphere of damnation explodes!
The damnation engulfs you!
You die...
Your body rises from the dead as a mindless zombie.

##.#.v.v.....###3
#φ#..Z.........#
##.#.vv...v..)##
. #.....v..v../##
# #.Z§§§§§§.##. .
# Z§8§§x## # # .
#. ###d2..#
##..#.....##
#....@xv##.# ..
####.###..# # #
#.. ..#.# #..#
.#.# #.. ##..#
#.# ## ##


You could see a black draconian, a spatial maelstrom, an orange crystal statue,
a hellion, 2 small abominations and a friendly ogre zombie.

Vanquished Creatures
  An ancient lich (Vaults:5)
  The ghost of nonceun the Conqueror, a veteran MiBe of Trog (Depths:2)
  Saint Roka (Orc:1)
  Nikola (Elf:1)
  A golden dragon (Depths:5)
  3 bone dragons
  Rupert (D:13)
  4 liches
  A deep elf master archer (Elf:3)
  7 acid blobs (Slime:5)
  3 sphinxes
  11 tentacled starspawn
  Gastronok (D:8)
  2 ancient champions
  2 shadow dragons
  A storm dragon (Vaults:5)
  A revenant (Crypt:3)
  A tengu reaver (Vaults:5)
  7 azure jellies
  8 frost giants
  2 deep elf sorcerers
  5 fire giants (Vaults:5)
  A draconian knight (Depths:5)
  7 vault wardens
  A draconian shifter (Abyss:4)
  Louise (Elf:1)
  An orc warlord (Orc:2)
  4 curse skulls
  4 deep elf elementalists
  8 ironheart preservers
  5 ghouls (Crypt:3)
  4 war gargoyles (Vaults:5)
  16 very ugly things
  6 stone giants
  4 spriggan defenders
  7 vampire knights
  33 slime creatures
  A green draconian (Abyss:1)
  5 deep elf annihilators
  2 deep elf demonologists
  32 starcursed masses
  3 dire elephants
  A white draconian (Abyss:4)
  2 spark wasps (Depths:1)
  2 purple draconians (Depths:5)
  A lorocyproca (Depths:3)
  2 blizzard demons
  9 eidola
  9 ettins
  A mummy priest (Crypt:3)
  2 death oozes (Slime:5)
  2 fire dragons
  A very ugly thing zombie (Abyss:1)
  5 deep elf death magi
  A green death (Abyss:2)
  10 ogre magi
  10 great orbs of eyes
  6 jiangshi (Crypt:2)
  6 yaktaur captains
  6 ice dragons
  12 vault guards
  4 hydras
  7 anacondas
  Erolcha (Orc:2)
  2 rakshasas
  6 naga warriors
  A spriggan air mage (Depths:2)
  5 death knights
  2 tengu warriors
  26 two-headed ogres
  6 centaur warriors
  20 dancing weapons
  4 alligators
  9 deep troll shamans
  3 hell hogs (Abyss:2)
  3 titan zombies
  5 vampire magi
  2 death yaks (Lair:6)
  4 spriggan berserkers
  3 deep troll earth magi
  2 orc high priests (Orc:2)
  13 thrashing horrors
  6 shock serpents
  17 deep elf knights
  A sun demon (Abyss:4)
  A naga sharpshooter (Snake:4)
  A storm dragon zombie (Crypt:2)
  6 hell knights
  A salamander mystic (Snake:3)
  6 wretched stars
  3 iron trolls
  5 spatial maelstroms
  3 flayed ghosts
  4 sixfirhies
  An unseen horror (shapeshifter) (Vaults:3)
  3 shadow wraiths
  16 skeletal warriors
  27 deep trolls
  2 swamp dragons
  2 wizards
  8 unseen horrors
  A spriggan druid (Depths:4)
  15 large abominations
  7 glowing orange brains
  A naga ritualist (Snake:4)
  2 shambling mangroves
  22 phantasmal warriors
  9 deep elf archers
  4 harpies (Vaults:1)
  A wolf spider zombie (Crypt:3)
  12 ironbrand convokers
  40 deep elf magi
  7 orc sorcerers
  Pikel (D:3)
  2 necromancers
  2 manticores
  15 orc knights
  38 ugly things
  2 stone giant zombies
  4 wolf spiders
  A frost giant zombie (Crypt:3)
  6 mana vipers
  6 cyclopes
  A shining eye (shapeshifter) (Abyss:5)
  A shining eye (Slime:3)
  A dire elephant zombie (Crypt:3)
  A human skeleton (Vaults:1)
  7 elephants
  2 salamanders (Depths:4)
  A stone giant skeleton (Crypt:2)
  4 worldbinders
  2 centaur zombies
  An ice statue (IceCv)
  The ghost of WeeknightWizard the Destroyer, a novice DECj of Vehumet (D:7)
  An eye of devastation (Abyss:1)
  15 black mambas
  2 guardian serpents
  3 gargoyles
  A rust devil (Depths:3)
  2 naga magi
  6 vault sentinels
  5 apocalypse crabs
  An orange demon (Depths:3)
  4 centaur skeletons
  A red draconian zombie (Crypt:1)
  10 smoke demons
  2 hellions (Abyss:5)
  A spiny frog (shapeshifter) (Vaults:2)
  7 spiny frogs
  An efreet (Abyss:1)
  A demonic crawler (Abyss:4)
  35 yaktaurs
  A tormentor (Abyss:5)
  A golden dragon simulacrum (IceCv)
  11 freezing wraiths
  2 kobold demonologists
  4 komodo dragons
  A yaktaur (shapeshifter) (Elf:2)
  11 ancient zymes
  2 anaconda simulacra (IceCv)
  A hydra zombie (Crypt:3)
  A ghoul skeleton (Crypt:3)
  4 hellwings (Abyss:4)
  3 jumping spiders (Crypt:3)
  A guardian mummy (Crypt:3)
  2 tengu conjurers
  An iron troll zombie (Crypt:1)
  2 tyrant leeches
  A jumping spider (shapeshifter) (Depths:1)
  4 ice devils (IceCv)
  6 trolls
  2 polar bears
  6 hornets
  12 blink frogs
  A hornet (shapeshifter) (Vaults:4)
  17 raiju
  A moth of wrath zombie (Crypt:2)
  2 bog bodies
  A fire dragon zombie (Crypt:3)
  A fire giant simulacrum (Crypt:2)
  2 ugly thing zombies
  2 air elementals
  7 hippogriffs
  2 redbacks (Crypt:3)
  13 flying skulls
  Sigmund (D:6)
  15 spriggans
  8 shadows
  7 water elementals
  4 vampires
  A satyr skeleton (Crypt:1)
  5 wraiths
  4 centaur simulacra
  A wyvern (Lair:4)
  9 ynoxinuls
  An elf zombie (Vaults:3)
  2 fire bats (Abyss:1)
  Eustachio (D:6)
  2 dire elephant simulacra (IceCv)
  4 golden eyes (Abyss:3)
  35 yaks
  5 basilisks
  2 hungry ghosts
  10 chaos spawn
  8 neqoxecs
  A tyrant leech zombie (Crypt:2)
  A fire elemental (Depths:2)
  12 vampire mosquitoes
  A yaktaur simulacrum (Vaults:3)
  3 spatial vortices
  2 human zombies
  6 swamp worms
  8 wargs
  23 nagas
  A death yak simulacrum (IceCv)
  2 swamp worm simulacra (Swamp:4)
  3 harpy simulacra (IceCv)
  11 insubstantial wisps
  2 iron troll simulacra (IceCv)
  6 acid dragons
  A two-headed ogre zombie (Depths:1)
  7 hydra simulacra
  12 water moccasins
  A swamp drake (Swamp:2)
  4 porcupines
  38 orc warriors
  A snapping turtle zombie (Crypt:2)
  Duvessa (D:4)
  3 sky beasts
  4 slaves (D:3)
  An ice beast (shapeshifter) (Vaults:2)
  5 black bears
  A hornet zombie (Crypt:2)
  8 necrophages (Crypt:3)
  37 ogres
  5 phantoms
  4 wolves (Lair:5)
  An eye of draining (Abyss:4)
  An ice beast (D:8)
  6 boggarts
  24 centaurs
  5 crocodiles
  A big kobold (Sewer)
  15 bullfrogs
  A gnoll sergeant (Orc:2)
  An elf skeleton (Crypt:1)
  An earth elemental (Abyss:4)
  Dowan (D:4)
  23 small abominations
  5 wyvern skeletons (Crypt:3)
  2 scorpions
  A raiju zombie (Abyss:4)
  A water moccasin skeleton (Crypt:1)
  A troll zombie (Vaults:2)
  A swamp dragon simulacrum (IceCv)
  8 killer bees (D:10)
  12 wights
  7 crimson imps
  2 jellies
  2 bullfrog zombies
  8 hounds
  2 bullfrog skeletons
  A human simulacrum (Vaults:3)
  26 orc wizards
  2 draconian simulacra (IceCv)
  36 orc priests
  4 quasits
  A gnoll shaman (D:3)
  3 iron imps
  Jessica (D:2)
  A demonspawn skeleton (Crypt:2)
  8 worker ants
  Natasha (thrice) (D:2)
  8 iguanas
  A polar bear simulacrum (IceCv)
  2 troll simulacra (IceCv)
  2 spriggan simulacra (IceCv)
  A wolf simulacrum (IceCv)
  A tengu skeleton (Crypt:1)
  2 hound zombies
  5 necrophage skeletons (Crypt:3)
  2 hound skeletons
  A worker ant zombie (D:6)
  Robin (D:2)
  15 adders
  14 gnolls
  4 naga simulacra (IceCv)
  2 ogre simulacra (IceCv)
  A river rat (Sewer)
  A shadow imp (D:14)
  7 white imps
  11 ufetubi
  An ooze (D:3)
  A halfling skeleton (Crypt:2)
  4 worms
  A dart slug (D:1)
  3 leopard geckos
  108 orcs
  6 ball pythons
  4 giant cockroaches
  17 goblins
  12 hobgoblins
  14 jackals
  2 quokkas
  6 bats
  3 frilled lizards
  17 kobolds
  A kobold zombie (Crypt:3)
  An orc zombie (Vaults:2)
  A quokka skeleton (D:5)
  A quokka zombie (D:6)
  13 rats
  A rat zombie (Crypt:1)
  2 fungi
  8 starspawn tentacles
  A tentacle (Abyss:1)
  7 withered plants (Crypt:3)
1859 creatures vanquished.

Vanquished Creatures (collateral kills)
  the Royal Jelly (Slime:5)
  A juggernaut (Depths:5)
  Sojobo (Vaults:2)
  Vashnia (Snake:2)
  the Enchantress (Depths:4)
  A profane servitor (Crypt:3)
  3 bone dragons
  2 liches
  A hellephant (Abyss:1)
  3 tentacled monstrosities
  Asterion (Snake:2)
  4 titans
  3 deep elf blademasters
  A deep elf master archer (Elf:3)
  13 acid blobs
  A kraken (Abyss:1)
  2 tentacled starspawn
  A sphinx (Vaults:5)
  Donald (Snake:1)
  4 storm dragons
  3 shadow dragons
  9 tengu reavers
  A revenant (Vaults:3)
  9 azure jellies
  5 frost giants
  14 nagarajas
  4 vault wardens
  7 deep elf sorcerers
  2 iron dragons (Depths:2)
  8 fire giants
  Aizul (Snake:1)
  A balrug (Abyss:1)
  A draconian shifter (Depths:5)
  2 spriggan defenders (Depths:4)
  2 orc warlords
  4 ghouls
  11 very ugly things
  4 war gargoyles
  A deep elf elementalist (Elf:3)
  A draconian annihilator (Depths:5)
  11 stone giants
  7 ironheart preservers
  A vampire knight (Crypt:2)
  A lorocyproca (Depths:3)
  27 starcursed masses
  6 deep elf demonologists
  A green draconian (Depths:5)
  3 dire elephants (Depths:3)
  A white draconian (Depths:5)
  6 deep elf annihilators
  6 deep elf death magi
  A blizzard demon (IceCv)
  11 ettins
  Snorg (Orc:2)
  3 eidola
  A merfolk impaler (Depths:2)
  A green death (Abyss:1)
  A merfolk javelineer (Depths:1)
  3 death oozes (Slime:5)
  A minotaur (shapeshifter) (Vaults:5)
  10 yaktaur captains
  4 fire dragons
  6 jiangshi (Crypt:1)
  5 deep elf high priests
  11 ice dragons
  16 naga warriors
  7 great orbs of eyes
  A rakshasa (Depths:3)
  18 vault guards
  8 hydras
  2 spriggan air magi (Depths:4)
  3 catoblepae (Lair:6)
  A ghost crab (Swamp:1)
  Erica (D:10)
  3 death knights
  5 centaur warriors
  11 ogre magi
  11 anacondas
  31 two-headed ogres
  8 alligators
  5 deep troll shamans
  2 vampire magi
  5 tengu warriors
  2 orc high priests (Orc:2)
  12 dancing weapons
  9 deep troll earth magi
  9 deep elf knights
  3 death yaks (Lair:6)
  10 thrashing horrors
  A soul eater (Abyss:4)
  5 spriggan berserkers
  A titan zombie (Crypt:3)
  3 shock serpents
  A sun demon (Abyss:1)
  20 naga sharpshooters
  Nergalle (D:10)
  6 hell knights
  4 salamander mystics
  11 skeletal warriors
  22 deep trolls
  7 wretched stars
  A fire crab (shapeshifter) (Vaults:1)
  2 iron trolls (Depths:5)
  2 spriggan druids
  A deep troll (shapeshifter) (Depths:4)
  A death drake (shapeshifter) (D:13)
  7 flayed ghosts
  4 glowing orange brains
  A swamp dragon (shapeshifter) (Depths:1)
  18 deep elf archers
  6 phantasmal warriors
  10 naga ritualists
  3 swamp dragons
  7 orc knights
  6 ironbrand convokers
  2 shadow dragon zombies (Crypt:3)
  A harpy (shapeshifter) (Vaults:2)
  An iron dragon zombie (Crypt:3)
  3 wizards
  41 deep elf magi
  3 shambling mangroves
  A harpy (Vaults:1)
  A wolf spider zombie (D:15)
  2 wolf spiders
  2 shining eyes
  12 mana vipers
  29 ugly things
  5 oklob plants
  4 orc sorcerers
  3 necromancers
  12 salamanders
  7 cyclopes
  A rust devil (Abyss:1)
  2 worldbinders
  An elephant (shapeshifter) (Vaults:3)
  9 guardian serpents
  A manticore (Lair:6)
  9 elephants
  37 black mambas
  11 naga magi
  An apocalypse crab (Abyss:4)
  2 dire elephant zombies (Crypt:3)
  11 vault sentinels
  Psyche (D:10)
  12 spiny frogs
  A gargoyle (D:13)
  A smoke demon (Abyss:4)
  2 centaur skeletons (D:13)
  A kobold demonologist (D:13)
  An orange demon (Abyss:3)
  37 yaktaurs
  A rime drake (Lair:3)
  A hellwing (Abyss:4)
  5 freezing wraiths
  4 komodo dragons
  2 ancient zymes
  An ice devil (Depths:2)
  6 tengu conjurers
  2 guardian mummies (Crypt:3)
  A red draconian skeleton (Crypt:1)
  17 hornets
  A polar bear (Lair:4)
  2 hydra zombies (Crypt:3)
  2 tyrant leeches
  7 trolls
  6 bog bodies
  10 blink frogs (Lair:6)
  3 raiju
  51 slime creatures
  8 hippogriffs
  2 flying skulls (Abyss:4)
  3 vampires
  21 spriggans
  A wyvern (D:11)
  A redback (shapeshifter) (Vaults:5)
  An ice dragon skeleton (Crypt:2)
  A redback (Crypt:3)
  4 wraiths
  A human (D:13)
  An elf zombie (Elf:3)
  8 water elementals
  2 steam dragons
  2 golden eyes (Slime:4)
  A hog (shapeshifter) (Vaults:2)
  16 yaks
  4 swamp worm simulacra (Swamp:4)
  2 basilisks
  4 large abominations
  8 vampire mosquitoes
  3 neqoxecs
  A warg (shapeshifter) (D:14)
  8 swamp worms
  4 chaos spawn
  A soldier ant (D:12)
  51 nagas
  4 wargs
  10 insubstantial wisps
  5 water moccasins
  2 spatial vortices (Abyss:4)
  An acid dragon (D:13)
  14 hydra simulacra (Swamp:4)
  2 porcupines
  A two-headed ogre skeleton (Crypt:1)
  2 hell hounds (D:10)
  22 orc warriors
  A snapping turtle zombie (Crypt:3)
  5 swamp drakes
  A sky beast (D:8)
  An ice beast (Abyss:4)
  26 ogres
  9 small abominations
  7 necrophages
  11 centaurs
  9 boggarts
  A phantom (D:13)
  6 crocodiles
  4 big kobolds
  9 bullfrogs
  A salamander skeleton (Crypt:2)
  3 wyvern skeletons (Crypt:3)
  3 scorpions
  A cyclops skeleton (Crypt:2)
  A troll zombie (Abyss:4)
  A killer bee (D:10)
  9 wights
  An electric eel (Lair:3)
  2 crimson imps
  A draconian simulacrum (IceCv)
  A quasit (Abyss:1)
  3 hounds
  8 orc wizards
  12 orc priests
  3 iguanas
  3 worker ants
  A naga simulacrum (IceCv)
  An adder (D:6)
  An ogre simulacrum (IceCv)
  A shadow imp (D:7)
  2 ufetubi
  2 swamp drake simulacra (Swamp:4)
  A leopard gecko (D:11)
  30 orcs
  7 kobolds
  An orc zombie (Orc:2)
  A quokka skeleton (D:8)
  A quokka zombie (D:8)
  A bush (Lair:6)
  2 crawling corpses (Vaults:5)
  28 fungi
  19 plants
  4 starspawn tentacles
  2 tentacles (Abyss:1)
  2 withered plants (Crypt:3)
1463 creatures vanquished.

Vanquished Creatures (others)
  9 profane servitors
  6 bone dragons
  A fire giant (Depths:5)
  A deep elf sorcerer (Vaults:5)
  18 ghouls
  A juggernaut zombie (Depths:5)
  12 vampire knights
  A hydra (Swamp:1)
  A vampire mage (Depths:3)
  A deep elf knight (Vaults:3)
  5 tengu zombies
  A titan zombie (Vaults:5)
  A storm dragon zombie (Vaults:5)
  9 skeletal warriors
  A spark wasp zombie (Depths:1)
  11 flayed ghosts
  2 very ugly thing zombies
  4 anaconda zombies
  A sphinx zombie (Vaults:1)
  12 phantasmal warriors
  3 fire giant zombies (Vaults:5)
  3 shadow dragon zombies
  15 ugly thing zombies
  A stone giant zombie (Vaults:5)
  An ugly thing (Depths:1)
  A frost giant zombie (Depths:5)
  2 deep elf magi (Elf:1)
  2 shock serpent zombies (Snake:4)
  A dire elephant zombie (Abyss:1)
  A purple draconian zombie (Depths:5)
  2 naga skeletons (Snake:4)
  2 iron troll zombies (Depths:5)
  2 human skeletons
  A purple draconian skeleton (Depths:5)
  11 ghoul skeletons
  A hydra zombie (Lair:6)
  3 slime creatures (Swamp:4)
  An ice dragon zombie (Depths:5)
  A blink frog (Abyss:2)
  2 guardian serpent zombies
  An ettin zombie (Abyss:3)
  16 flying skulls
  15 black mamba zombies
  An ice dragon skeleton (Depths:1)
  A fire dragon skeleton (Depths:5)
  An ettin skeleton (Vaults:5)
  2 wraiths
  15 vampires
  A black mamba skeleton (Snake:4)
  3 golden eyes (Abyss:5)
  A neqoxec (Abyss:4)
  3 salamander zombies (Snake:4)
  8 two-headed ogre zombies
  13 deep troll zombies
  A two-headed ogre skeleton (D:14)
  A spiny frog zombie (Swamp:4)
  22 elf zombies
  An elephant zombie (Lair:6)
  22 naga zombies
  3 hornet zombies (Swamp:4)
  A black mamba simulacrum (Abyss:5)
  2 manticore zombies (Lair:6)
  30 human zombies
  6 blink frog zombies
  A boggart (Depths:2)
  A centaur (Depths:3)
  7 vampire mosquito zombies
  A blink frog skeleton (Lair:6)
  2 elf skeletons
  13 yaktaur zombies
  An apocalypse crab zombie (Abyss:3)
  A komodo dragon zombie (Lair:6)
  A hippogriff zombie (Lair:6)
  2 cyclops zombies
  2 water moccasin zombies (Lair:6)
  6 yaktaur skeletons
  3 raiju zombies
  2 troll zombies
  7 yak zombies
  4 spriggan zombies
  3 warg zombies
  A warg skeleton (Orc:1)
  A troll skeleton (D:13)
  2 wights
  8 centaur zombies
  2 black bear zombies
  A basilisk zombie (D:14)
  4 bullfrog zombies
  2 killer bee zombies (D:10)
  2 crocodile zombies (Lair:6)
  An acid dragon zombie (Vaults:1)
  13 ogre zombies
  7 necrophage skeletons (Crypt:3)
  A crocodile skeleton (Lair:6)
  A hound zombie (D:8)
  A worker ant zombie (D:8)
  2 scorpion zombies
  A swamp drake zombie (Swamp:2)
  3 iguana zombies
  5 orc skeletons
  An adder zombie (D:9)
  A gnoll zombie (D:8)
  A jackal zombie (D:8)
  A kobold zombie (D:10)
  45 orc zombies
  11 fungi
  2 lurking horrors (Abyss:4)
  37 plants
  4 snaplasher vines
  29 starspawn tentacles
  6 tentacles
  3 withered plants (Crypt:3)
580 creatures vanquished.

Grand Total: 3902 creatures vanquished

Notes
Turn   | Place    | Note
-------+----------+-------------------------------------------
     0 | D:1      | ck1fx the Demonspawn Fighter began the quest for the Orb.
     0 | D:1      | Reached XP level 1. HP: 18/18 MP: 1/1
   497 | D:1      | Reached skill level 2 in Axes
   504 | D:1      | Gained mutation: You are partially covered in large bone plates. (SH +4) [demonic ancestry]
   504 | D:1      | Reached XP level 2. HP: 12/24 MP: 2/2
   784 | D:1      | Reached XP level 3. HP: 26/29 MP: 3/3
  1156 | D:2      | Noticed Natasha
  1166 | D:2      | Killed Natasha
  1166 | D:2      | Reached skill level 3 in Axes
  1748 | D:2      | Noticed Robin
  1756 | D:2      | Gained mutation: Your flesh is heat resistant. (rF+) [demonic ancestry]
  1756 | D:2      | Reached XP level 4. HP: 21/37 MP: 4/4
  1767 | D:2      | Killed Robin
  1832 | D:2      | Noticed Natasha
  1841 | D:2      | Killed Natasha
  2189 | D:2      | Reached skill level 4 in Axes
  2299 | D:2      | Noticed Jessica
  2302 | D:2      | Killed Jessica
  2302 | D:2      | Reached XP level 5. HP: 42/42 MP: 5/5
  2514 | D:2      | Noticed Natasha
  2525 | D:2      | Killed Natasha
  3649 | D:3      | Found a glowing drain.
  3661 | Sewer    | Entered a sewer
  3804 | Sewer    | Reached skill level 5 in Axes
  3804 | Sewer    | Reached XP level 6. HP: 39/48 MP: 6/6
  3868 | Sewer    | Found a white marble altar of Elyvilon.
  4008 | D:4      | Noticed Pikel
  4008 | D:4      | Noticed a slave
  4008 | D:4      | Noticed a slave
  4008 | D:4      | Noticed a slave
  4008 | D:4      | Noticed a slave
  4047 | D:3      | Killed a slave
  4051 | D:3      | Killed a slave
  4247 | D:4      | Found a staircase to the Ecumenical Temple.
  4516 | D:3      | Killed a slave
  4872 | D:4      | Reached skill level 6 in Axes
  5246 | D:3      | Reached XP level 7. HP: 40/55 MP: 7/7
  6164 | D:3      | Killed Pikel
  6164 | D:3      | Reached skill level 5 in Fighting
  6164 | D:3      | Reached skill level 7 in Axes
  6164 | D:3      | Reached XP level 8. HP: 45/63 MP: 8/8
  6283 | Temple   | Entered the Ecumenical Temple
  6363 | Temple   | Became a worshipper of Yredelemnul the Dark
  6477 | D:4      | Noticed Duvessa
  6477 | D:4      | Noticed Dowan
  6494 | D:4      | Killed Duvessa
  6494 | D:4      | Reached skill level 8 in Axes
  6502 | D:4      | Killed Dowan
  7480 | D:5      | Entered Level 5 of the Dungeon
  7506 | D:5      | Reached skill level 1 in Dodging
  8012 | D:5      | Reached * piety under Yredelemnul
  8790 | D:6      | Gained mutation: You have sharp fingernails. [demonic ancestry]
  8790 | D:6      | Reached XP level 9. HP: 27/69 MP: 9/9
  8801 | D:6      | Gained mutation: Scrolls take you a little longer to read. [mutagenic meat]
  8802 | D:6      | Gained mutation: You are dopey. (Int -2) [mutagenic meat]
  8803 | D:6      | Gained mutation: [Your body sometimes deteriorates upon taking damage.] [mutagenic meat]
  9104 | D:6      | Reached skill level 5 in Shields
  9171 | D:6      | Found an ancient bone altar of Kikubaaqudgha.
  9334 | D:6      | Noticed Sigmund
  9345 | D:6      | Killed Sigmund
  9353 | D:6      | Reached skill level 5 in Armour
  9412 | D:6      | Reached ** piety under Yredelemnul
  9539 | D:6      | Noticed Eustachio
  9554 | D:6      | Killed Eustachio
  9656 | D:6      | Reached skill level 1 in Invocations
 10169 | D:7      | Noticed WeeknightWizard's ghost (novice DECj)
 10180 | D:7      | Killed WeeknightWizard's ghost
 10182 | D:7      | Reached skill level 5 in Invocations
 10785 | D:8      | Found a white marble altar of Elyvilon.
 10795 | D:7      | Gained mutation: You are immune to clouds of flame. [demonic ancestry]
 10795 | D:7      | Reached XP level 10. HP: 63/76 MP: 15/15
 11253 | D:8      | Noticed Gastronok
 11267 | D:8      | Killed Gastronok
 11351 | D:8      | Found Funo Meh's Armour Shop.
 11863 | D:9      | Noticed a two-headed ogre
 11873 | D:9      | Killed a two-headed ogre
 11873 | D:9      | Reached skill level 9 in Axes
 11899 | D:9      | Reached *** piety under Yredelemnul
 11900 | D:9      | HP: 2/76 [wight/enchanted halberd (11)]
 12304 | D:9      | Noticed a two-headed ogre
 12699 | D:9      | Learned a level 2 spell: Call Imp
 12768 | D:9      | Gained mutation: You are mostly covered in large bone plates. (SH +6) [demonic ancestry]
 12768 | D:9      | Reached XP level 11. HP: 44/81 MP: 19/19
 13036 | D:9      | Reached skill level 10 in Axes
 13052 | D:9      | Killed a two-headed ogre
 13462 | D:10     | Entered Level 10 of the Dungeon
 13568 | D:10     | Noticed an unseen horror
 13578 | D:10     | Noticed Nergalle
 13588 | D:10     | Killed an unseen horror
 13588 | D:10     | Received a gift from Yredelemnul (4 flying skulls)
 13600 | D:10     | Killed Nergalle
 13600 | D:10     | Reached skill level 11 in Axes
 14138 | D:10     | Reached **** piety under Yredelemnul
 14172 | D:10     | Noticed a two-headed ogre
 14180 | D:10     | Killed a two-headed ogre
 14187 | D:10     | Noticed Erica
 14194 | D:10     | Killed Erica
 14221 | D:10     | Lost mutation: [Your body sometimes deteriorates upon taking damage.] [potion of mutation]
 14221 | D:10     | Lost mutation: You are dopey. (Int -2) [potion of mutation]
 14221 | D:10     | Lost mutation: Scrolls take you a little longer to read. [potion of mutation]
 14221 | D:10     | Gained mutation: Your magical capacity is low. (-10% MP) [potion of mutation]
 14221 | D:10     | Gained mutation: You are clumsy. (Dex -2) [potion of mutation]
 14221 | D:10     | Gained mutation: You expend magic power (3 MP) to strengthen your wands. [potion of mutation]
 14221 | D:10     | Gained mutation: You are robust. (+10% HP) [potion of mutation]
 14235 | D:10     | Found a staircase to the Lair.
 14251 | D:10     | Noticed Psyche
 14258 | D:10     | Killed Psyche
 14259 | D:10     | Received a gift from Yredelemnul (a flying skull)
 14265 | D:10     | Reached skill level 12 in Axes
 14372 | D:10     | Found a staircase to the Orcish Mines.
 14630 | D:11     | Noticed a two-headed ogre
 15658 | D:12     | Reached XP level 12. HP: 32/96 MP: 18/18
 16201 | D:12     | Received a gift from Yredelemnul (a wraith)
 16825 | Lair:1   | Entered Level 1 of the Lair of Beasts
 16958 | Lair:1   | Got a crude glaive
 17009 | Lair:1   | Noticed a four-headed hydra
 17017 | Lair:1   | Killed a one-headed hydra
 17017 | Lair:1   | Reached skill level 1 in Long Blades
 17641 | Lair:2   | Found a staircase to the Snake Pit.
 17824 | Lair:2   | Reached ***** piety under Yredelemnul
 17858 | Lair:2   | Received a gift from Yredelemnul (4 flying skulls)
 18508 | Lair:3   | Received a gift from Yredelemnul (4 flying skulls)
 18719 | Lair:3   | Received a gift from Yredelemnul (a wight)
 18722 | Lair:3   | Reached skill level 10 in Fighting
 18901 | Lair:3   | Found a staircase to the Swamp.
 19007 | Lair:3   | Noticed a six-headed hydra
 19013 | Lair:3   | Killed a four-headed hydra
 19013 | Lair:3   | Reached XP level 13. HP: 93/113 MP: 19/19
 19500 | Lair:4   | Received a gift from Yredelemnul (a phantasmal warrior)
 19929 | Lair:4   | Found a dark tunnel.
 19935 | Lair:4   | Received a gift from Yredelemnul (a wight)
 20593 | Lair:5   | Received a gift from Yredelemnul (3 flying skulls)
 21040 | Lair:5   | Lost mutation: You expend magic power (3 MP) to strengthen your wands. [potion of mutation]
 21040 | Lair:5   | Lost mutation: You are robust. (+10% HP) [potion of mutation]
 21040 | Lair:5   | Lost mutation: Your magical capacity is low. (-10% MP) [potion of mutation]
 21040 | Lair:5   | Lost mutation: You are clumsy. (Dex -2) [potion of mutation]
 21040 | Lair:5   | Gained mutation: [You are frail. (-10% HP)] [potion of mutation]
 21040 | Lair:5   | Gained mutation: Your muscles are strong. (Str +2) [potion of mutation]
 21264 | Lair:6   | Entered Level 6 of the Lair of Beasts
 21480 | Lair:6   | Received a gift from Yredelemnul (a vampire)
 21669 | Lair:6   | Received a gift from Yredelemnul (a phantasmal warrior)
 21709 | Lair:6   | Received a gift from Yredelemnul (a skeletal warrior)
 21759 | Lair:6   | Gained mutation: You sometimes gain a little power by taking damage. [demonic ancestry]
 21759 | Lair:6   | Reached XP level 14. HP: 108/108 MP: 22/22
 22422 | Lair:6   | Found a staircase to the Slime Pits.
 22638 | Lair:6   | Received a gift from Yredelemnul (a phantasmal warrior)
 22697 | Lair:6   | Reached skill level 13 in Axes
 22940 | Orc:1    | Entered Level 1 of the Orcish Mines
 22998 | Orc:1    | Found Baovuapn's Quality Used Wands.
 23314 | Orc:1    | Received a gift from Yredelemnul (a wraith)
 23447 | Orc:2    | Entered Level 2 of the Orcish Mines
 23471 | Orc:2    | Noticed Saint Roka
 24064 | Orc:1    | Killed Saint Roka
 24495 | Orc:2    | Reached ****** piety under Yredelemnul
 24570 | Orc:2    | Noticed Snorg
 24586 | Orc:2    | Killed Snorg
 24586 | Orc:2    | Reached skill level 14 in Axes
 24751 | Orc:2    | Reached skill level 1 in Summonings
 24752 | Orc:2    | Received a gift from Yredelemnul (a ghoul)
 24753 | Orc:2    | Found a roughly hewn altar of Beogh.
 24778 | Orc:2    | Reached skill level 1 in Spellcasting
 24887 | Orc:2    | Found Sohufal's Book Boutique.
 24909 | Orc:2    | Received a gift from Yredelemnul (a ghoul)
 25206 | Orc:2    | Found Xutzaix's Magic Scroll Shop.
 25492 | Orc:2    | Noticed an orc warlord
 25492 | Orc:2    | Noticed Erolcha
 25496 | Orc:2    | Received a gift from Yredelemnul (a vampire knight)
 25501 | Orc:2    | Found a roughly hewn altar of Beogh.
 25511 | Orc:2    | Killed an orc warlord
 25512 | Orc:2    | Killed Erolcha
 25595 | Orc:2    | Found Ydycvuymn's Gadget Emporium.
 25702 | Orc:2    | Found Ocabu's General Store.
 25704 | Orc:2    | Received a gift from Yredelemnul (a bone dragon)
 25720 | Orc:2    | Bought a scroll of enchant weapon for 112 gold pieces
 25776 | Orc:2    | Learned a level 3 spell: Summon Guardian Golem
 25780 | Orc:2    | Learned a level 3 spell: Regeneration
 25785 | Orc:2    | Learned a level 4 spell: Summon Lightning Spire
 25855 | Orc:2    | Received a gift from Yredelemnul (a profane servitor)
 26004 | Orc:2    | Found a staircase to the Elven Halls.
 26181 | Orc:2    | Identified the Papyrus of Supportive Unholy Rites
 26297 | Orc:2    | Noticed an orc warlord
 26304 | Orc:2    | Killed an orc warlord
 26304 | Orc:2    | Reached skill level 5 in Summonings
 26649 | Orc:1    | Received a gift from Yredelemnul (a vampire knight)
 26768 | D:13     | Noticed Rupert
 26779 | D:13     | Gained mutation: You have very sharp fingernails. [demonic ancestry]
 26779 | D:13     | Reached XP level 15. HP: 78/114 MP: 23/23
 26788 | D:13     | Killed Rupert
 26788 | D:13     | Reached skill level 5 in Spellcasting
 27134 | D:13     | Received a gift from Yredelemnul (a vampire)
 27341 | D:13     | Found a gate to the Vaults.
 27509 | D:13     | Learned a level 7 spell: Spellforged Servitor
 27930 | D:14     | Found an ancient bone altar of Kikubaaqudgha.
 28032 | D:14     | Got a jet-encrusted chain mail
 28043 | D:14     | Identified the +4 chain mail of Dogma {rElec Int+6 Dex-4} (You found it on level 14 of the Dungeon)
 28155 | D:14     | Received a gift from Yredelemnul (a bone dragon)
 28909 | D:15     | Entered Level 15 of the Dungeon
 29053 | D:15     | Received a gift from Yredelemnul (a vampire knight)
 29200 | D:15     | Found a staircase to the Depths.
 29677 | D:15     | Received a gift from Yredelemnul (a skeletal warrior)
 29976 | Snake:1  | Entered Level 1 of the Snake Pit
 30341 | Snake:1  | Learned a level 1 spell: Corona
 30345 | Snake:1  | Learned a level 3 spell: Dazzling Spray
 30378 | Snake:1  | Noticed Donald
 30385 | Snake:1  | Killed Donald
 30388 | Snake:1  | Received a gift from Yredelemnul (a skeletal warrior)
 30443 | Snake:1  | Noticed Aizul
 30471 | Snake:1  | Killed Aizul
 30600 | Snake:1  | Gained mutation: You are completely covered in large bone plates. (SH +8) [demonic ancestry]
 30600 | Snake:1  | Reached XP level 16. HP: 120/120 MP: 28/28
 30679 | Snake:1  | Reached skill level 5 in Dodging
 31073 | Snake:2  | Reached skill level 10 in Shields
 31236 | Snake:2  | Noticed Vashnia
 31253 | Snake:2  | Received a gift from Yredelemnul (a vampire)
 31266 | Snake:2  | Killed Vashnia
 32214 | Snake:2  | Noticed Asterion
 32222 | Snake:2  | Killed Asterion
 32225 | Snake:2  | Received a gift from Yredelemnul (a phantasmal warrior)
 32402 | Snake:3  | Received a gift from Yredelemnul (a bone dragon)
 32476 | Snake:3  | HP: 4/120 [shock serpent/bolt of electricity (21)]
 32785 | Snake:3  | Learned a level 3 spell: Confuse
 33559 | Snake:3  | Received a gift from Yredelemnul (a ghoul)
 33731 | Snake:4  | Entered Level 4 of the Snake Pit
 33734 | Snake:4  | Found an iron altar of Okawaru.
 34061 | Snake:4  | Received a gift from Yredelemnul (a flayed ghost)
 34165 | Snake:4  | Found a shimmering altar of Xom.
 34409 | Snake:4  | Reached XP level 17. HP: 97/126 MP: 29/29
 34415 | Snake:4  | Received a gift from Yredelemnul (a vampire knight)
 34500 | Snake:4  | Received a gift from Yredelemnul (a skeletal warrior)
 34534 | Snake:4  | HP: 5/126 [naga sharpshooter/bolt (7)]
 34562 | Snake:4  | HP: 5/126 [guardian serpent/bolt of poison (16)]
 34567 | Snake:4  | HP: 6/126 [naga ritualist/Olgreb's Toxic Radiance (4)]
 34569 | Snake:4  | Received a gift from Yredelemnul (a flayed ghost)
 34993 | Snake:4  | Got a serpentine rune of Zot
 35207 | Snake:4  | Learned a level 5 spell: Summon Forest
 35313 | Swamp:1  | Entered Level 1 of the Swamp
 35323 | Swamp:1  | Reached skill level 1 in Translocations
 35330 | Swamp:1  | Received a gift from Yredelemnul (a vampire)
 35452 | Swamp:1  | Received a gift from Yredelemnul (a profane servitor)
 36463 | Swamp:2  | Received a gift from Yredelemnul (a flayed ghost)
 36614 | Swamp:2  | Identified a scroll of acquirement
 36616 | Swamp:2  | Got a dazzling crystal plate armour
 36627 | Swamp:2  | Identified the +0 crystal plate armour "Vanyrham" {+Inv MR+ Str-3} (You acquired it on level 2 of the Swamp)
 36670 | Swamp:2  | Reached skill level 5 in Translocations
 36705 | Swamp:2  | Received a gift from Yredelemnul (a profane servitor)
 36882 | Swamp:2  | Received a gift from Yredelemnul (a skeletal warrior)
 37015 | Swamp:2  | Found a radiant altar of Vehumet.
 37500 | Swamp:3  | Received a gift from Yredelemnul (a vampire)
 38116 | Swamp:4  | Entered Level 4 of the Swamp
 38133 | Swamp:4  | Received a gift from Yredelemnul (a flayed ghost)
 38521 | Swamp:4  | Reached skill level 10 in Summonings
 38568 | Swamp:4  | Received a gift from Yredelemnul (a ghoul)
 38644 | Swamp:4  | Received a gift from Yredelemnul (a ghoul)
 38675 | Swamp:4  | Received a gift from Yredelemnul (a vampire)
 39374 | Swamp:4  | Got a decaying rune of Zot
 39774 | Elf:1    | Entered Level 1 of the Elven Halls
 39784 | Elf:1    | Received a gift from Yredelemnul (a skeletal warrior)
 39824 | Elf:1    | Found Iloirch's Antique Armour Boutique.
 39992 | Elf:1    | Noticed Louise
 40005 | Elf:1    | Killed Louise
 40005 | Elf:1    | Gained mutation: You resist negative energy. (rN+) [demonic ancestry]
 40005 | Elf:1    | Reached XP level 18. HP: 131/133 MP: 30/30
 40102 | Elf:1    | Received a gift from Yredelemnul (a flayed ghost)
 40191 | Elf:1    | Noticed Nikola
 40213 | Elf:1    | Killed Nikola
 40511 | Elf:1    | Received a gift from Yredelemnul (a phantasmal warrior)
 40842 | Elf:2    | Reached skill level 1 in Conjurations
 40906 | Elf:2    | Found Sappaud's Armour Emporium.
 40909 | Elf:2    | Bought a scarf of cloud immunity for 70 gold pieces
 41122 | Elf:2    | Received a gift from Yredelemnul (a ghoul)
 41167 | Elf:2    | Received a gift from Yredelemnul (a flayed ghost)
 41179 | Elf:2    | Received a gift from Yredelemnul (a bone dragon)
 41202 | Elf:2    | Found a frozen archway.
 41260 | IceCv    | Entered an ice cave
 41294 | IceCv    | Reached skill level 5 in Conjurations
 41368 | IceCv    | Received a gift from Yredelemnul (a flayed ghost)
 41414 | IceCv    | Lost mutation: Your muscles are strong. (Str +2) [potion of mutation]
 41414 | IceCv    | Lost mutation: [You are frail. (-10% HP)] [potion of mutation]
 41414 | IceCv    | Gained mutation: You have an increased reservoir of magic. (+10% MP) [potion of mutation]
 41414 | IceCv    | Gained mutation: You are resistant to hostile enchantments. (MR+) [potion of mutation]
 41414 | IceCv    | Gained mutation: Your muscles are strong. (Str +2) [potion of mutation]
 41438 | IceCv    | Received a gift from Yredelemnul (a vampire)
 41461 | IceCv    | Received a gift from Yredelemnul (a ghoul)
 41536 | IceCv    | Received a gift from Yredelemnul (a vampire)
 41689 | IceCv    | Identified a +2 pair of boots of running (You found it in an ice cave)
 41721 | IceCv    | Learned a level 6 spell: Shadow Creatures
 42241 | Elf:2    | Received a gift from Yredelemnul (a vampire knight)
 42389 | Elf:2    | Found a runed gate.
 42389 | Elf:2    | Found a runed gate.
 42389 | Elf:2    | Found a runed gate.
 42587 | Elf:2    | Received a gift from Yredelemnul (a vampire knight)
 42910 | Elf:3    | Entered Level 3 of the Elven Halls
 43143 | Elf:3    | Noticed a Brimstone Fiend
 43168 | Elf:3    | Noticed a Brimstone Fiend
 43217 | Elf:3    | Received a gift from Yredelemnul (a ghoul)
 43382 | Elf:3    | Gained mutation: You are somewhat able to resist unholy torments (1 in 2 success). [demonic ancestry]
 43382 | Elf:3    | Reached XP level 19. HP: 154/154 MP: 34/34
 43462 | Elf:3    | Identified the Disquisition on Attacks
 43463 | Elf:3    | Got a faintly glowing copper amulet
 43470 | Elf:3    | Identified Quckempeg's Grimoire of Good Intentions
 43480 | Elf:3    | Identified the Collected Works on Twisted Cold
 43493 | Elf:3    | Identified Kott's Reference Book on Supportive Weightlessness
 43536 | Elf:3    | Identified the amulet of Jeinwumo {Spirit Int+3} (You found it on level 3 of the Elven Halls)
 43681 | Elf:3    | Got a smelly plate armour
 43687 | Elf:3    | Identified the +4 plate armour of Beogh's Generosity {MP+9 Dex+4} (You took it off a deep elf master archer on level 3 of the Elven Halls)
 43726 | Elf:3    | Got a vibrating steel ring
 43727 | Elf:3    | Identified the ring "Umoe" {Str+2 Stlth+} (You found it on level 3 of the Elven Halls)
 44064 | Elf:3    | Received a gift from Yredelemnul (a ghoul)
 44455 | Elf:3    | Received a gift from Yredelemnul (a profane servitor)
 44748 | Vaults:1 | Entered Level 1 of the Vaults
 45047 | Vaults:1 | Reached skill level 15 in Summonings
 45110 | Vaults:1 | Received a gift from Yredelemnul (a skeletal warrior)
 45540 | Vaults:1 | Got a faintly glowing plate armour
 45551 | Vaults:1 | Identified the +9 plate armour "Suopar" {rF+ Str+5} (You found it on level 1 of the Vaults)
 45813 | Vaults:1 | Received a gift from Yredelemnul (a flayed ghost)
 46729 | Vaults:2 | Received a gift from Yredelemnul (a ghoul)
 47091 | Vaults:2 | Noticed Sojobo
 47115 | Vaults:2 | Killed Sojobo
 47324 | Vaults:2 | Reached skill level 10 in Armour
 47456 | Vaults:2 | Your ally Sojobo died
 47905 | Vaults:2 | Found a shattered altar of Ashenzari.
 47962 | Vaults:2 | Reached XP level 20. HP: 161/161 MP: 25/35
 48329 | Vaults:2 | Received a gift from Yredelemnul (a vampire)
 49206 | Vaults:3 | Got a pair of faintly glowing gloves
 49212 | Vaults:3 | Identified the +2 pair of gloves of Geujeriwn {-Cast rElec MR++ Regen+} (You found it on level 3 of the Vaults)
 49508 | Vaults:3 | Received a gift from Yredelemnul (a ghoul)
 49530 | Vaults:3 | Found a staircase to the Crypt.
 50082 | Vaults:4 | Received a gift from Yredelemnul (a vampire knight)
 50199 | Vaults:4 | Received a gift from Yredelemnul (a phantasmal warrior)
 50525 | Vaults:4 | Reached skill level 15 in Axes
 50588 | Vaults:4 | Got an opal-encrusted ring mail
 50599 | Vaults:4 | Identified the +2 ring mail of the Nightingale {Dex+7} (You found it on level 4 of the Vaults)
 50712 | Vaults:4 | Received a gift from Yredelemnul (a vampire knight)
 50771 | Vaults:4 | Found Dulyaruiwk's Weapon Shoppe.
 50810 | Vaults:4 | Received a gift from Yredelemnul (a bone dragon)
 51356 | Vaults:5 | Entered Level 5 of the Vaults
 51365 | Vaults:5 | Noticed an ancient lich
 51367 | Vaults:5 | Received a gift from Yredelemnul (a ghoul)
 51379 | Vaults:5 | Gained mutation: You sometimes gain power by taking damage. [demonic ancestry]
 51379 | Vaults:5 | Reached XP level 21. HP: 167/167 MP: 20/36
 51379 | Vaults:5 | Reached skill level 16 in Axes
 51379 | Vaults:5 | Received a gift from Yredelemnul (a profane servitor)
 51393 | Vaults:5 | Killed an ancient lich
 52007 | Vaults:5 | Received a gift from Yredelemnul (a vampire knight)
 52025 | Vaults:5 | Reached skill level 17 in Axes
 52491 | Vaults:5 | Received a gift from Yredelemnul (a phantasmal warrior)
 52561 | Vaults:5 | Reached skill level 15 in Invocations
 52598 | Vaults:5 | Got a coiled bone ring
 52600 | Vaults:5 | Identified the ring "Cutuh" {*Tele rF- MR+ Str+5} (You took it off an ironbrand convoker on level 5 of the Vaults)
 52892 | Vaults:5 | Received a gift from Yredelemnul (a phantasmal warrior)
 52955 | Vaults:5 | Got a smoking steel amulet
 52956 | Vaults:5 | Identified the amulet "Com Lyu" {RegenMP rElec Str+3 Stlth+} (You found it on level 5 of the Vaults)
 53085 | Vaults:5 | Got a faintly glowing ring mail
 53096 | Vaults:5 | Identified the +5 ring mail of Zilered {Str+2 Int+2} (You found it on level 5 of the Vaults)
 53456 | Vaults:5 | Received a gift from Yredelemnul (a bone dragon)
 53875 | Vaults:5 | Got a smoking plate armour
 53886 | Vaults:5 | Identified the +2 plate armour of Devotion {rElec Int-2 SInv} (You found it on level 5 of the Vaults)
 54064 | Vaults:5 | Received a gift from Yredelemnul (a vampire)
 54185 | Vaults:5 | Identified Juammuac's Disquisition on Damaging Transmutation
 54307 | Vaults:5 | Learned a level 3 spell: Ignite Poison
 54309 | Vaults:5 | Got a translucent tin amulet
 54310 | Vaults:5 | Identified the amulet "Ixzosaho" {Inacc rPois Stlth+} (You found it on level 5 of the Vaults)
 54428 | Vaults:5 | Got a silver rune of Zot
 54724 | Depths:1 | Entered Level 1 of the Depths
 54732 | Depths:1 | Gained mutation: You have claws for hands. [demonic ancestry]
 54732 | Depths:1 | Reached XP level 22. HP: 164/174 MP: 39/39
 54919 | Depths:1 | Found a one-way gate leading to the halls of Pandemonium.
 54963 | Depths:1 | Found a one-way gate to the infinite horrors of the Abyss.
 54979 | Depths:1 | Received a gift from Yredelemnul (a flayed ghost)
 55001 | Depths:1 | Reached skill level 10 in Conjurations
 55218 | Depths:1 | Paralysed by a floating eye for 4 turns
 55299 | Depths:1 | Found a gateway to a ziggurat.
 55306 | Depths:1 | Paralysed by a floating eye for 2 turns
 55328 | Depths:1 | Received a gift from Yredelemnul (a phantasmal warrior)
 55689 | Depths:1 | Paralysed by a floating eye for 3 turns
 55694 | Depths:1 | Paralysed by a floating eye for 4 turns
 55704 | Depths:1 | Paralysed by a floating eye for 4 turns
 55711 | Depths:1 | Paralysed by a floating eye for 2 turns
 55721 | Depths:1 | Paralysed by a floating eye for 2 turns
 55779 | Depths:2 | Noticed nonceun's ghost (veteran MiBe)
 55836 | Depths:2 | Killed nonceun's ghost
 56445 | Depths:2 | Received a gift from Yredelemnul (a ghoul)
 56623 | Depths:2 | Received a gift from Yredelemnul (a profane servitor)
 56852 | Depths:2 | Found a sparkling altar of Nemelex Xobeh.
 56891 | Depths:2 | Found a gateway to Hell.
 57095 | Depths:3 | Received a gift from Yredelemnul (a ghoul)
 57188 | Depths:3 | Received a gift from Yredelemnul (a vampire)
 57265 | Depths:3 | Found Jerat's Distillery.
 57300 | Depths:3 | Received a gift from Yredelemnul (a profane servitor)
 57310 | Depths:3 | Reached skill level 15 in Conjurations
 57311 | Depths:3 | Reached XP level 23. HP: 145/180 MP: 27/40
 57400 | Depths:3 | Bought a potion of haste for 190 gold pieces
 57400 | Depths:3 | Bought a potion of agility for 76 gold pieces
 57400 | Depths:3 | Bought 2 potions of heal wounds for 190 gold pieces
 57400 | Depths:3 | Bought a potion of haste for 190 gold pieces
 57568 | Depths:3 | Found Namixko's General Store.
 57588 | Depths:3 | Found Utaodith's Weapon Shop.
 57730 | Depths:3 | Received a gift from Yredelemnul (a phantasmal warrior)
 57874 | Depths:3 | Found Qikhlerr's Antique Weapon Shop.
 57931 | Depths:4 | Noticed the Enchantress
 57946 | Depths:4 | Killed the Enchantress
 58053 | Depths:4 | Received a gift from Yredelemnul (a vampire knight)
 58136 | Depths:4 | Found a flickering gateway to a bazaar.
 58179 | Bazaar   | Entered a bazaar
 58179 | Bazaar   | Found Kuviul Ilisch's Assorted Antiques.
 58185 | Bazaar   | Found Qemir's Book Boutique.
 58195 | Bazaar   | Bought Cyete's Collected Works on Boosting Attacks for 459 gold pieces
 58200 | Bazaar   | Learned a level 2 spell: Song of Slaying
 58200 | Bazaar   | Found Mokhlaol's Weapon Boutique.
 58204 | Bazaar   | Learned a level 2 spell: Shroud of Golubria
 58213 | Bazaar   | Found Kakhuseo's Magic Scroll Boutique.
 58220 | Bazaar   | Found Tuliluic's Book Shoppe.
 58693 | Depths:5 | Entered Level 5 of the Depths
 58789 | Depths:5 | Received a gift from Yredelemnul (a vampire)
 58855 | Depths:5 | Noticed a juggernaut
 58871 | Depths:5 | Killed a juggernaut
 58872 | Depths:5 | Received a gift from Yredelemnul (a skeletal warrior)
 59259 | Depths:5 | Found a gate to the Realm of Zot.
 59583 | Depths:5 | Received a gift from Yredelemnul (a ghoul)
 60657 | Slime:1  | Entered Level 1 of the Pits of Slime
 60664 | Lair:6   | Received a gift from Yredelemnul (a ghoul)
 60678 | Lair:6   | Received a gift from Yredelemnul (a ghoul)
 60709 | Slime:1  | Received a gift from Yredelemnul (a phantasmal warrior)
 60869 | Slime:4  | Gained mutation: Armour fits poorly on your strangely shaped body. [a shining eye]
 60978 | Slime:4  | Received a gift from Yredelemnul (a vampire knight)
 60998 | Slime:4  | Received a gift from Yredelemnul (a vampire)
 61262 | Slime:5  | Entered Level 5 of the Pits of Slime
 61520 | Slime:5  | Received a gift from Yredelemnul (a vampire knight)
 61694 | Slime:5  | Received a gift from Yredelemnul (a profane servitor)
 61788 | Slime:5  | Noticed the Royal Jelly
 61803 | Slime:5  | Killed the Royal Jelly
 62160 | Slime:5  | Gained mutation: Your demonic aura causes spilled blood to erupt in flames. [demonic ancestry]
 62160 | Slime:5  | Reached XP level 24. HP: 182/187 MP: 28/40
 62251 | Slime:5  | Got a fine helmet
 62257 | Slime:5  | Identified the cursed +0 helmet of Anaesthesia {Int+3} (You found it on level 5 of the Pits of Slime)
 62278 | Slime:5  | Got a shimmering ivory ring
 62282 | Slime:5  | Identified the ring "Rafoenguo" {rC+ Int+4 Stlth+} (You found it on level 5 of the Pits of Slime)
 62304 | Slime:5  | Identified the Grimoire of Bewitching Summoning
 62319 | Slime:5  | Learned a level 9 spell: Dragon's Call
 62320 | Slime:5  | Got a scorched diamond amulet
 62370 | Slime:5  | Got an ancient amber ring
 62372 | Slime:5  | Identified the ring of Faibytua {+Blink +Fly AC+1 Int-4} (You found it on level 5 of the Pits of Slime)
 62375 | Slime:5  | Identified the amulet "Giemahe" {Reflect rElec rPois rN+ Int+4 SH+3} (You found it on level 5 of the Pits of Slime)
 62449 | Slime:5  | Got a slimy rune of Zot
 62900 | Depths:1 | Voluntarily entered the Abyss.
 63163 | Abyss:1  | Lost mutation: Your muscles are strong. (Str +2) [a neqoxec]
 63245 | Abyss:1  | Paralysed by accursed screaming for 1 turns
 63247 | Abyss:1  | Received a gift from Yredelemnul (a ghoul)
 63382 | Abyss:1  | Received a gift from Yredelemnul (a bone dragon)
 63671 | Abyss:1  | Received a gift from Yredelemnul (a ghoul)
 63700 | Abyss:1  | Found an iron altar of Okawaru.
 63864 | Abyss:1  | Received a gift from Yredelemnul (a vampire)
 63881 | Abyss:1  | Found a shattered altar of Ashenzari.
 64131 | Abyss:2  | Received a gift from Yredelemnul (a flayed ghost)
 64179 | Abyss:3  | Received a gift from Yredelemnul (a phantasmal warrior)
 64324 | Abyss:3  | Received a gift from Yredelemnul (a vampire knight)
 64449 | Abyss:4  | Received a gift from Yredelemnul (a ghoul)
 64513 | Abyss:4  | Received a gift from Yredelemnul (a vampire)
 64682 | Abyss:4  | Paralysed by accursed screaming for 2 turns
 64685 | Abyss:4  | Received a gift from Yredelemnul (a profane servitor)
 64692 | Abyss:4  | Reached skill level 15 in Shields
 64696 | Abyss:4  | Reached skill level 10 in Dodging
 64793 | Abyss:5  | Entered Level 5 of the Abyss
 64865 | Abyss:5  | Received a gift from Yredelemnul (a skeletal warrior)
 65202 | Abyss:5  | Received a gift from Yredelemnul (a phantasmal warrior)
 65207 | Depths:1 | Escaped the Abyss
 65762 | Crypt:1  | Entered Level 1 of the Crypt
 68107 | Crypt:2  | Received a gift from Yredelemnul (a flayed ghost)
 68241 | Crypt:2  | Received a gift from Yredelemnul (a flayed ghost)
 69816 | Vaults:1 | Gained mutation: Your melee attacks may debilitate your foes. [demonic ancestry]
 69816 | Vaults:1 | Reached XP level 25. HP: 192/193 MP: 40/40
 70777 | Crypt:3  | Entered Level 3 of the Crypt
 70809 | Crypt:3  | Reached skill level 18 in Axes
 71205 | Crypt:3  | Got a translucent lapis lazuli ring
 71223 | Crypt:3  | Got a heavily runed lead ring
 71225 | Crypt:3  | Identified the ring "Lyixapty" {rElec rN+} (You found it on level 3 of the Crypt)
 71228 | Crypt:3  | Identified the ring "Vokke" {rN+ Slay+3} (You found it on level 3 of the Crypt)
 71341 | Crypt:3  | Received a gift from Yredelemnul (a bone dragon)
 72005 | Crypt:3  | Found a basalt altar of Yredelemnul.
 72022 | Crypt:3  | Received a gift from Yredelemnul (a bone dragon)
 72511 | Crypt:3  | Received a gift from Yredelemnul (a vampire)
 72736 | Crypt:3  | Identified the Reference Book on the Spatial Volcanoes
 72869 | Crypt:3  | Found a staircase to the Tomb.
 74369 | Depths:1 | Voluntarily entered the Abyss.
 74385 | Abyss:1  | Received a gift from Yredelemnul (a flayed ghost)
 74405 | Abyss:1  | Paralysed by accursed screaming for 2 turns
 74408 | Abyss:1  | Received a gift from Yredelemnul (a ghoul)
 74478 | Abyss:1  | Received a gift from Yredelemnul (a vampire)
 74617 | Depths:1 | Escaped the Abyss
 74776 | Depths:1 | Paralysed by a floating eye for 2 turns
 74871 | Depths:1 | Voluntarily entered the Abyss.
 75050 | Abyss:3  | Received a gift from Yredelemnul (a ghoul)
 75112 | Abyss:3  | Received a gift from Yredelemnul (a vampire knight)
 75265 | Abyss:4  | Received a gift from Yredelemnul (a vampire)
 75504 | Abyss:4  | Received a gift from Yredelemnul (a skeletal warrior)
 75559 | Abyss:4  | Gained mutation: Scrolls take you much longer to read. [a neqoxec]
 75586 | Abyss:4  | Paralysed by accursed screaming for 2 turns
 75592 | Abyss:4  | Paralysed by accursed screaming for 2 turns
 75630 | Abyss:4  | Received a gift from Yredelemnul (a ghoul)
 75654 | Abyss:4  | Received a gift from Yredelemnul (a phantasmal warrior)
 75674 | Abyss:4  | Received a gift from Yredelemnul (a vampire)
 75689 | Abyss:4  | Killed from afar by a hellion

Skill      XL: |  1  2  3  4  5  6  7  8  9 10 11 12 13 14 15 16 17 18 19 20 21 22 23 24 25 |
---------------+----------------------------------------------------------------------------+-----
Axes           | 2 3 4 5 6 7 8 9 12 14 15 17 18 | 18.8
Fighting       | 4 5 6 10 14 | 14.8
Armour         | 4 5 6 7 11 13 | 13.7
Shields        | 4 6 8 9 12 13 16 17 | 17.8
Dodging        | 2 4 7 8 10 11 | 11.4
Invocations    | 7 11 13 15 16 17 | 17.6
Long Blades    | 2 |  2.2
Summonings     | 5 8 11 13 15 17 | 17.1
Spellcasting   | 4 8 9 |  9.6
Translocations | 5 |  5.5
Conjurations   | 7 8 15 17 | 17.9

Action                   |  1- 3 |  4- 6 |  7- 9 | 10-12 | 13-15 | 16-18 | 19-21 | 22-24 | 25-27 || total
-------------------------+-------+-------+-------+-------+-------+-------+-------+-------+-------++-------
Melee: War axe           |   126 |   269 |   470 |   648 |   913 |   807 |  1044 |  1780 |   467 ||  6524
       Unarmed           |       |     4 |    16 |       |       |       |       |       |       ||    20
       Scimitar          |       |       |       |    26 |    14 |       |       |       |       ||    40
       Broad axe         |       |       |       |       |       |       |       |       |   370 ||   370
Throw: Javelin           |       |       |       |       |       |       |     2 |       |       ||     2
 Cast: Call Imp          |       |       |       |       |     6 |    15 |       |       |       ||    21
       Summon Guardian G |       |       |       |       |     5 |    12 |     3 |    11 |       ||    31
       Regeneration      |       |       |       |       |       |     8 |     1 |     2 |     6 ||    17
       Summon Lightning  |       |       |       |       |       |     4 |     5 |     2 |       ||    11
       Shadow Creatures  |       |       |       |       |       |    12 |     8 |    58 |     3 ||    81
       Summon Forest     |       |       |       |       |       |     1 |     6 |     9 |     1 ||    17
       Spellforged Servi |       |       |       |       |       |       |       |    17 |     4 ||    21
       Song of Slaying   |       |       |       |       |       |       |       |     4 |       ||     4
       Shroud of Golubri |       |       |       |       |       |       |       |     2 |       ||     2
Invok: Animate Remains   |       |       |     8 |    12 |       |       |       |       |       ||    20
       Animate Dead      |       |       |       |    37 |   107 |   100 |    87 |    54 |    28 ||   413
       Recall Undead Sla |       |       |       |       |     3 |    12 |     5 |     7 |     3 ||    30
       Drain Life        |       |       |       |       |       |     1 |     2 |     5 |       ||     8
       Injury Mirror     |       |       |       |       |       |       |     1 |     1 |       ||     2
 Abil: Evoke Flight      |       |       |       |       |       |       |       |       |     2 ||     2
Evoke: Wand              |       |       |       |       |     1 |       |       |     1 |     6 ||     8
       Lamp of fire      |       |       |       |       |       |       |       |       |     1 ||     1
       Phial of floods   |       |       |       |       |       |       |       |       |     1 ||     1
       Phantom mirror    |       |       |       |       |       |       |       |       |     1 ||     1
  Use: Potion            |       |     1 |     7 |     8 |    11 |    10 |     4 |    13 |     5 ||    59
       Scroll            |       |     6 |    11 |    18 |     7 |    15 |    11 |    13 |     7 ||    88
 Stab: Distracted        |       |       |       |     9 |    14 |    16 |    29 |    46 |     8 ||   122
       Sleeping          |       |       |       |       |     3 |       |     1 |       |       ||     4
       Paralysed         |       |       |       |       |       |     1 |     1 |     2 |       ||     4
       Petrifying        |       |       |       |       |       |       |       |       |     1 ||     1
  Eat: Chunk             |     3 |    12 |    23 |    19 |    61 |    36 |    57 |    21 |     6 ||   238
       Meat ration       |       |       |       |     4 |       |     7 |     1 |    15 |     3 ||    30
       Royal jelly       |       |       |       |     1 |     5 |     6 |     2 |     2 |     1 ||    17
       Fruit             |       |       |       |       |       |       |     2 |    10 |     1 ||    13
       Bread ration      |       |       |       |       |       |       |       |       |     2 ||     2
Armor: Scale mail        |    41 |   106 |   139 |    44 |       |       |   101 |   135 |    91 ||   657
       Ice dragon scales |       |       |       |   165 |   127 |    29 |       |       |       ||   321
       Troll leather arm |       |       |       |       |    67 |    75 |    19 |       |       ||   161
       Swamp dragon scal |       |       |       |       |       |     7 |       |       |       ||     7
       Plate armour      |       |       |       |       |       |       |    13 |       |       ||    13
       Acid dragon scale |       |       |       |       |       |       |       |   116 |     6 ||   122
Dodge: Dodged            |    39 |    66 |   104 |   170 |   177 |   231 |   289 |   554 |   170 ||  1800
Block: Shield            |    83 |   173 |   339 |   603 |   663 |   739 |   911 |  1466 |   583 ||  5560
       Rpst.: Scimitar   |       |       |       |     1 |       |       |       |       |       ||     1
